 Dungeon Crawl Stone Soup version 0.30-a0-371-gad7725a93e (webtiles) character file.

Game seed: 2047003962736485590

1365 retardedninja the Cleaver (level 8, 0/73 HPs)
             Began as a Minotaur Fighter on Nov 21, 2022.
             Was an Initiate of Gozag.
             Slain by an ufetubus (1 damage)
             ... on level 6 of the Dungeon.
             The game lasted 00:06:38 (5023 turns).

retardedninja the Cleaver (Minotaur Fighter)        Turns: 5023, Time: 00:06:39

Health: 0/73       AC: 15    Str: 22    XL:     8   Next: 38%
Magic:  7/7        EV:  6    Int:  5    God:    Gozag
Gold:   321        SH:  5    Dex: 11    Spells: 7/7 levels left

rFire   . . .      SeeInvis .    a - +0 war axe
rCold   . . .      Faith    .    c - +0 buckler
rNeg    . . .      Spirit   .    e - +2 plate armour
rPois   .          Reflect  .    (helmet restricted)
rElec   .          Harm     .    (no cloak)
rCorr   .          Rampage  .    (no gloves)
Will    .....                    (no boots)
Stlth   ..........               (no amulet)
HPRegen 0.32/turn                (no ring)
MPRegen 0.10/turn                (no ring)

@: gold aura, on berserk cooldown, slowed, studying Axes, very slow
A: horns 2, retaliatory headbutt
a: Renounce Religion, Potion Petition, Call Merchant, Bribe Branch


You were on level 6 of the Dungeon.
You worshipped Gozag.
Gozag was aware of your devotion.
You visited 2 branches of the dungeon, and saw 7 of its levels.

You collected 386 gold pieces.
You paid 65 gold pieces to Gozag.

Inventory:

Hand Weapons
 a - a +0 war axe (weapon)
Armour
 c - a +0 buckler (worn)
 e - a +2 plate armour (worn)
Jewellery
 b - an amulet of faith
 p - an amulet of guardian spirit
 r - a ring of ice
 w - a ring of ice
Scrolls
 d - a scroll of noise {unknown}
 f - a scroll of vulnerability
 g - 3 scrolls of enchant weapon
 j - a scroll of amnesia
 k - a scroll of magic mapping
 t - a scroll of teleportation
 v - a scroll of torment
Potions
 h - a potion of resistance {unknown}
 l - a potion of lignification {unknown}
 m - 3 potions of attraction
 n - 2 potions of haste
 q - 4 potions of degeneration
 s - a potion of curing
 u - a potion of invisibility


   Skills:
 + Level 7.2 Fighting
 + Level 8.0 Axes
 + Level 7.1 Armour
 + Level 7.2 Shields


You had 7 spell levels left.
You didn't know any spells.
Your spell library contained the following spells:

 Spells                   Type           Power      Damage    Failure   Level
 Slow                     Hex            0%         N/A       100%        1
 Confusing Touch          Hex            0%         N/A       100%        3
 Vampiric Draining        Necr           0%         2d6       100%        3


Dungeon Overview and Level Annotations

Branches:
Dungeon (6/15)             Temple (1/1) D:4

Altars:
Cheibriados
Elyvilon
Fedhas
Gozag
Kikubaaqudgha
Makhleb
Nemelex Xobeh
Okawaru
Qazlal
Ru
Sif Muna
Trog
Uskayaw
Vehumet
Wu Jian
Xom
Yredelemnul
Zin
The Shining One

Shops:
D:1 *

Annotations:
D:3 2 transporters, sleeves's ghost, amateur DsBe
D:4 3 runed translucent doors, Darkkill's ghost, amateur MiHu


Innate Abilities, Weirdness & Mutations

You have a pair of horns on your head.
You reflexively headbutt those who attack you in melee.


Message History

You kill Pikel!
You barely miss the lemure. You closely miss the lemure.
With Pikel's spell broken, his former minions thank you for their freedom.
The lemure departs this earthly plane. x4
Your Fighting skill increases to level 7!
Your Axes skill gained 2 levels and is now at level 8!
Your Armour skill increases to level 7!
Your Shields skill increases to level 7!
You have reached level 8!
You feel agile.
The iguana bites you but does no damage.
Items here: ! $ )) [[.
You feel a strong urge to attack something.
The ufetubus hits you but does no damage. x2
The iguana is distracted by your dazzling golden aura.
Things that are here:
7 gold pieces; a +0 dagger; a +0 leather armour Unknown command.
You are no longer berserk.
You are exhausted.
You feel yourself slow down.
The sentinel's mark upon you fades away.
The ufetubus is distracted by your dazzling golden aura.
Unknown command.
You closely miss the ufetubus.
The ufetubus is no longer distracted by gold.
You slash the iguana!
The iguana is no longer distracted by gold.
The ufetubus closely misses you. You furiously retaliate!
You headbutt the ufetubus!
The ufetubus hits you but does no damage.
The iguana bites you!
* * * LOW HITPOINT WARNING * * *
The ufetubus hits you.
* * * LOW HITPOINT WARNING * * *
You block the ufetubus's attack.
The iguana bites you but does no damage.
The ufetubus hits you.
You die...
Your body crumbles into a pile of gold.

### .. #.. .# ### #.# .#
##.#########.####.#
#.#.......##.##...#
##.######.##.##...# #.#
#.##$$l5..#
#.######..$$$ยง@#.# ###
#.....########.# ..
#####.########.# .#
#............#.#####.#
#.###.#......#...<...#
#..#............#.>.....
#
#.##......#####.#####...
... #.##.##......# #.# #
#.. #.......###### #.#
#..


You could see an iguana and an ufetubus.

Vanquished Creatures
  Pikel (D:6)
  A wyvern (D:6)
  An ogre (D:5)
  A phantom (D:6)
  Blork the orc (D:6)
  2 scorpions
  2 hounds
  A jelly (D:6)
  3 orc priests
  2 orc wizards
  6 adders
  2 ufetubi
  2 worms (D:3)
  15 orcs
  4 ball pythons
  5 endoplasms
  5 giant cockroaches
  9 goblins
  13 hobgoblins
  2 jackals (D:4)
  6 quokkas
  6 bats
  3 frilled lizards
  5 kobolds
  4 rats
102 creatures vanquished.

Vanquished Creatures (others)
  An orc wizard (D:6)
1 creature vanquished.

Grand Total: 103 creatures vanquished

Notes
Turn   | Place    | Note
-------+----------+-------------------------------------------
     0 | D:1      | retardedninja the Minotaur Fighter began the quest for the
                  | Orb.
     0 | D:1      | Reached XP level 1. HP: 19/19 MP: 0/0
   126 | D:1      | Reached XP level 2. HP: 27/27 MP: 1/1
   276 | D:1      | Found Suocwax's General Store.
   575 | D:2      | Reached skill level 3 in Axes
   590 | D:2      | Reached XP level 3. HP: 33/33 MP: 2/2
  1381 | D:3      | Found a shimmering altar of Xom.
  1397 | D:3      | Found a transporter.
  1398 | D:3      | Noticed sleeves's ghost (amateur DsBe)
  1399 | D:3      | Found a transporter.
  1416 | D:3      | Noticed an ogre
  1417 | D:3      | Noticed an ogre
  1471 | D:3      | Reached XP level 4. HP: 31/41 MP: 3/3
  1797 | D:3      | Found a snail-covered altar of Cheibriados.
  1990 | D:4      | Found a runed translucent gate.
  1990 | D:4      | Found a runed translucent gate.
  1991 | D:4      | Found a runed translucent gate.
  1992 | D:4      | Found an opulent altar of Gozag.
  1994 | D:4      | Noticed Darkkill's ghost (amateur MiHu)
  2217 | D:4      | Reached XP level 5. HP: 32/47 MP: 4/4
  2575 | D:4      | Found a staircase to the Ecumenical Temple.
  2586 | D:4      | Reached skill level 5 in Fighting
  2586 | D:4      | Reached skill level 4 in Axes
  2586 | D:4      | Reached skill level 5 in Shields
  2588 | Temple   | Entered the Ecumenical Temple
  2736 | Temple   | Became a worshipper of Gozag Ym Sagoz the Greedy
  2893 | D:4      | Reached skill level 5 in Armour
  3882 | D:5      | Entered Level 5 of the Dungeon
  3899 | D:5      | Reached XP level 6. HP: 56/56 MP: 5/5
  4608 | D:5      | Identified a scroll of acquirement
  4608 | D:5      | Acquired a manual of Axes
  4626 | D:6      | Noticed a wyvern
  4636 | D:6      | Killed a wyvern
  4637 | D:6      | Reached skill level 5 in Axes
  4637 | D:6      | Reached XP level 7. HP: 38/62 MP: 6/6
  4882 | D:6      | Noticed Blork the orc
  4888 | D:6      | Killed Blork the orc
  4894 | D:6      | Reached skill level 6 in Axes
  5004 | D:6      | Noticed Pikel
  5019 | D:6      | Killed Pikel
  5020 | D:6      | Reached skill level 8 in Axes
  5020 | D:6      | Reached XP level 8. HP: 18/73 MP: 7/7
  5023 | D:6      | HP: 2/73 [iguana (11)]
  5023 | D:6      | Slain by an ufetubus

Illustrated notes

Levels and vault maps discovered:
D:1:      pf_arrival_petrified_forest, layout_rooms, serial_shops, shop
D:2:      layout_basic, minmay_crystal_room
D:3:      layout_basic, mainiacjoe_overflow_chevrons, overflow_temple_1_default,
          gammafunk_ghost_smash
D:4:      minmay_angry_zag, layout_loops_corners, minmay_temple_entry_grid,
          ebering_ghost_gozag
D:5:      layout_basic, amcnicky_mini_pool_small, uniq_eustachio
D:6:      layout_loops_cross, uniq_pikel, uniq_blork_the_orc,
          uniq_crazy_yiuf_cottage
Temple:   nicolae_temple_bog_church

Skill      XL: |  1  2  3  4  5  6  7 |
---------------+----------------------+-----
Shields        | 4 5 7 |  7.2
Fighting       | 4 5 7 |  7.2
Armour         | 4 5 7 |  7.1
Axes           | 3 4 5 8 |  8.0

Action                   |  1- 3 |  4- 6 |  7- 9 || total
-------------------------+-------+-------+-------++-------
Melee: War axe           |   106 |   132 |    59 ||   297
       Headbutt          |     3 |    23 |     5 ||    31
  Use: Scroll            |       |    16 |       ||    16
       Potion            |       |     1 |     1 ||     2
Armor: Plate armour      |    69 |   108 |    56 ||   233
       Scale mail        |     4 |       |       ||     4
Dodge: Dodged            |    32 |    44 |    17 ||    93
Block: Buckler           |    15 |    33 |     7 ||    55

Table legend: (Time is in decaauts)
 A = Elapsed time spent in this place.
 B = Non-inter-level travel time spent in this place.
 C = Inter-level travel time spent in this place.
 D = Time resting spent in this place.
 E = Time spent auto-exploring this place.
 F = Levels seen in this place.
 G = Mean time per level.
                   A        B        C        D        E       F      G
               +--------+--------+--------+--------+--------+-----+--------+
         Total |   5124 |   4980 |    144 |    609 |   3575 |   7 |  732.0 |
       Dungeon |   4950 |   4841 |    109 |    609 |   3455 |   6 |  825.0 |
        Temple |    174 |    139 |     35 |      0 |    120 |   1 |  174.0 |
               +--------+--------+--------+--------+--------+-----+--------+

Top non-repeatable levels by time:
     D:4: 1782 daAuts
     D:2: 784 daAuts
     D:5: 755 daAuts
     D:3: 627 daAuts
     D:1: 595 daAuts
     D:6: 405 daAuts
  Temple: 174 daAuts
